 Dungeon Crawl Stone Soup version 0.27-a0-808-g60bc5d92e6 (webtiles) character file.

Game seed: 8196615837978995602

857 HoaS the Magician (level 8, -3/50 HPs)
             Began as a Djinni Ice Elementalist on Mar 28, 2021.
             Slain by a hound zombie (4 damage)
             ... on level 5 of the Dungeon.
             The game lasted 00:14:16 (4520 turns).

HoaS the Magician (Djinni Ice Elementalist)         Turns: 4520, Time: 00:14:17

Health: -3/50      AC:  8    Str: 13    XL:     8   Next: 2%
Gold:   282        EV: 16    Int: 19    God:
                   SH:  0    Dex: 20

rFire    + + .     SeeInvis .   i - +6 dagger of the Vanishing Planets {venom, Dex+6}
rCold    x . .     Faith    .   (no shield)
rNeg     . . .     Spirit   .   m - +2 robe {Will+}
rPois    ∞         Reflect  .   (no helmet)
rElec    .         Harm     .   k - +0 cloak
rCorr    .         Rampage  .   e - +2 pair of gloves
Will     +....                  (boots unavailable)
Stlth    ++........             (no amulet)
HPRegen  0.16/turn              f - +6 ring of strength
MPRegen  0.00/turn              (no ring)

@: flying
A: fire resistance 2, cold vulnerability 1, float, innate caster, hp casting,
extra vitality 1
a: no special abilities


You were on level 5 of the Dungeon.
You visited 1 branch of the dungeon, and saw 5 of its levels.

You collected 338 gold pieces.
You spent 56 gold pieces at shops.

Inventory:

Hand Weapons
 i - the +6 dagger of the Vanishing Planets (weapon) {venom, Dex+6}
   (You found it on level 4 of the Dungeon)

   It poisons the flesh of those it strikes.
   It affects your dexterity (+6).
Armour
 e - a +2 pair of gloves (worn)
 k - a +0 cloak (worn)
 m - a +2 robe of willpower (worn)
Jewellery
 f - a +6 ring of strength (left hand)
Potions
 b - a potion of resistance
 c - a potion of ambrosia
 d - a potion of mutation {unknown}
 g - 2 potions of heal wounds {unknown}
 h - a potion of curing {unknown}
 j - a potion of might {unknown}
 l - a potion of berserk rage {unknown}


   Skills:
 + Level 5.8 Dodging
 - Level 1.5 Stealth
 * Level 7.0 Spellcasting


You had one spell level left.
You knew the following spells:

 Your Spells              Type           Power      Damage    Failure   Level
a - Freeze                Ice            100%       1d11      1%          1
b - Frozen Ramparts       Ice            66%        1d8       1%          3
c - Ozocubu's Armour      Ice            33%        N/A       1%          3
d - Hailstorm             Conj/Ice       33%        3d8       5%          4
e - Summon Ice Beast      Ice/Summ       33%        N/A       5%          4
f - Sting                 Tmut/Pois      100%       1d8       1%          1
g - Poisonous Vapours     Pois/Air       66%        N/A       1%          2
h - Wereblood             Tmut           33%        N/A       1%          2
Your spell library was empty.

Dungeon Overview and Level Annotations

Branches:
Dungeon (5/15)
 Temple: D:4-7

Altars:
Vehumet

Shops:
D:4 ?


Innate Abilities, Weirdness & Mutations

You are immune to poison.
Your flesh is very heat resistant. (rF++)
You are vulnerable to cold. (rC-)
You float through the air rather than walking.
You learn spells naturally, not from books.
Your magical power is your life essence.
You have superior vitality. (+4 HP)


Message History

The wall freezes the hound zombie but does no damage.
The hound zombie bites you but does no damage.
The centaur zombie resists.
The wall freezes the centaur zombie.
The hound zombie completely resists.
The wall freezes the hound zombie but does no damage.
The hound zombie misses you.
The centaur zombie completely resists.
The wall freezes the centaur zombie but does no damage.
The hound zombie resists.
The wall freezes the hound zombie.
The hound zombie misses you.
The centaur zombie completely resists.
The wall freezes the centaur zombie but does no damage.
The hound zombie completely resists.
The wall freezes the hound zombie but does no damage.
The hound zombie misses you.
The wall freezes the centaur zombie but does no damage.
The hound zombie resists.
The wall freezes the hound zombie.
The hound zombie barely misses you.
The wall freezes the centaur zombie but does no damage.
The hound zombie resists.
The wall freezes the hound zombie.
The hound zombie closely misses you.
The centaur zombie resists.
The wall freezes the centaur zombie.
The hound zombie completely resists.
The wall freezes the hound zombie but does no damage.
The hound zombie closely misses you.
The centaur zombie completely resists.
The wall freezes the centaur zombie but does no damage.
The hound zombie resists.
The wall freezes the hound zombie.
The hound zombie bites you but does no damage.
The centaur zombie completely resists.
The wall freezes the centaur zombie but does no damage.
The centaur zombie completely resists.
The wall freezes the centaur zombie but does no damage.
The hound zombie resists.
The wall freezes the hound zombie.
The hound zombie closely misses you.
The hound zombie completely resists.
The wall freezes the hound zombie but does no damage.
The hound zombie bites you but does no damage.
The centaur zombie resists.
The wall freezes the centaur zombie.
The frozen ramparts melt away.
The hound zombie bites you.
* * * LOW HITPOINT WARNING * * *
The hound zombie bites you.
You die...

........##.... ......##.##......
.............. #.............^..
.............. ###.#............
........###..# ##............
...[.....# #.## ###............$
.....†..####..## #...............
##.##......#...###........#......
......#.#.......##w.......#..#.w.
.....##.#...##..@ZZ..........# .#
.###........###.##...........# .
.###.#.....## ####..........##
...........# #...........#
.........### #..............
.....##..## #...#..........
##..###.?.# #...##.....### ####
#..## #...# ##...# ####


You could see a dart slug, a hound zombie and a centaur zombie.

Vanquished Creatures
  Sigmund (D:5)
  A black bear (D:3)
  An ogre (D:4)
  A phantom (D:5)
  3 scorpions
  2 orc priests (D:4)
  2 hounds
  2 orc wizards (D:4)
  An iguana (D:5)
  3 adders
  A gnoll (D:4)
  2 dart slugs
  5 orcs (D:4)
  5 ball pythons
  7 endoplasms
  3 giant cockroaches
  6 goblins
  7 hobgoblins
  5 jackals
  12 kobolds
  2 quokkas
  6 bats
  A frilled lizard (D:2)
  5 rats
84 creatures vanquished.

Notes
Turn   | Place    | Note
-------+----------+-------------------------------------------
     0 | D:1      | HoaS the Djinni Ice Elementalist began the quest for the
                  | Orb.
     0 | D:1      | Reached XP level 1. HP: 15/15 MP: 0/0
   275 | D:1      | Reached XP level 2. HP: 16/21 MP: 0/0
   599 | D:1      | Reached skill level 4 in Spellcasting
   960 | D:2      | Reached XP level 3. HP: 23/25 MP: 0/0
   960 | D:2      | Learned a level 1 spell: Sting
  1890 | D:3      | Noticed a black bear
  1901 | D:3      | Killed a black bear
  1902 | D:3      | Reached skill level 5 in Spellcasting
  1902 | D:3      | Reached XP level 4. HP: 10/31 MP: 0/0
  1902 | D:3      | Reached XP level 5. HP: 11/35 MP: 0/0
  1902 | D:3      | Learned a level 2 spell: Poisonous Vapours
  2932 | D:4      | Reached XP level 6. HP: 35/40 MP: 0/0
  3020 | D:4      | Found Pox Ycva's Magic Scroll Shoppe.
  3278 | D:4      | Bought a scroll of identify for 28 gold pieces
  3278 | D:4      | Bought a scroll of identify for 28 gold pieces
  3604 | D:4      | Identified the +6 dagger of the Vanishing Planets {venom,
                  | Dex+6}
  3799 | D:4      | Reached skill level 6 in Spellcasting
  3937 | D:4      | Reached XP level 7. HP: 41/45 MP: 0/0
  3937 | D:4      | Learned a level 2 spell: Wereblood
  3943 | D:4      | Reached skill level 5 in Dodging
  4165 | D:5      | Entered Level 5 of the Dungeon
  4400 | D:5      | Noticed Sigmund
  4412 | D:5      | Killed Sigmund
  4500 | D:5      | Reached skill level 7 in Spellcasting
  4500 | D:5      | Reached XP level 8. HP: 11/50 MP: 0/0
  4519 | D:5      | HP: 1/50 [hound zombie (2)]
  4520 | D:5      | Slain by a hound zombie

Illustrated notes

Levels and vault maps discovered:
D:1:      evilmike_arrival_plus, layout_loops_corners, minmay_misc_feat_enclosed
D:2:      layout_basic, overflow_temple_1_default, st_stairs_10
D:3:      layout_loops_corners
D:4:      layout_loops_corners, serial_shops, shop_coins,
          kennysheep_generic_room_15
D:5:      layout_cave_pools, uniq_sigmund

Skill      XL: |  1  2  3  4  5  6  7 |
---------------+----------------------+-----
Spellcasting   | 4 5 6 7 |  7.0
Dodging        | 3 4 5 |  5.8
Stealth        | |  1.5

Action                   |  1- 3 |  4- 6 |  7- 9 || total
-------------------------+-------+-------+-------++-------
Melee: Unarmed           |     2 |       |       ||     2
       Dagger            |     6 |     8 |    15 ||    29
       Short sword       |     9 |     4 |       ||    13
 Cast: Freeze            |    58 |    20 |    28 ||   106
       Frozen Ramparts   |     1 |     6 |     3 ||    10
       Poisonous Vapours |       |     2 |       ||     2
       Ozocubu's Armour  |       |     2 |       ||     2
       Sting             |       |       |     6 ||     6
  Use: Scroll            |     2 |     3 |     2 ||     7
 Stab: Distracted        |     1 |       |       ||     1
       Sleeping          |       |     1 |     1 ||     2
Armor: Robe              |    16 |     6 |    14 ||    36
Dodge: Dodged            |    45 |    19 |    48 ||   112

Table legend: (Time is in decaauts)
 A = Elapsed time spent in this place.
 B = Non-inter-level travel time spent in this place.
 C = Inter-level travel time spent in this place.
 D = Time resting spent in this place.
 E = Time spent auto-exploring this place.
 F = Levels seen in this place.
 G = Mean time per level.
                   A        B        C        D        E       F      G
               +--------+--------+--------+--------+--------+-----+--------+
         Total |   4517 |   4423 |     94 |   1175 |   2613 |   5 |  903.4 |
       Dungeon |   4517 |   4423 |     94 |   1175 |   2613 |   5 |  903.4 |
               +--------+--------+--------+--------+--------+-----+--------+

Top non-repeatable levels by time:
     D:3: 1258 daAuts
     D:4: 1241 daAuts
     D:1: 953 daAuts
     D:2: 709 daAuts
     D:5: 354 daAuts
